 Dungeon Crawl Stone Soup version 0.27.0-1-g7a089689b8 (webtiles) character file.

Game seed: 3507679867538626296

9 avis the Insei (level 2, -3/23 HPs)
             Began as a Barachi Transmuter on Aug 8, 2021.
             Killed from afar by a dart slug (5 damage)
             ... with a slug dart
             ... on level 1 of the Dungeon.
             The game lasted 00:01:28 (240 turns).

avis the Insei (Barachi Transmuter)                  Turns: 240, Time: 00:01:29

Health: -3/23      AC:  2    Str: 11    XL:     2   Next: 12%
Magic:  4/5        EV: 12    Int: 13    God:
Gold:   8          SH:  0    Dex: 12    Spells: 4/5 levels left

rFire    . . .     SeeInvis .     - Unarmed
rCold    . . .     Faith    .   (no shield)
rNeg     . . .     Spirit   .   a - +0 robe
rPois    .         Reflect  .   (helmet currently unavailable)
rElec    .         Harm     .   (no cloak)
rCorr    .         Rampage  .   (no gloves)
Will     .....                  (boots currently unavailable)
Stlth    +.........             (no amulet)
HPRegen  0.07/turn              (no ring)
MPRegen  0.09/turn              (no ring)

@: appendages (expiring), slow
A: horns 2, talons 2, amphibious, slowness 1, strong legs 1, +LOS
a: Hop, End Transformation


You were on level 1 of the Dungeon.
You had temporarily grown beastly horns and talons.
You visited 1 branch of the dungeon, and saw 1 of its levels.

You collected 8 gold pieces.

Inventory:

Missiles
 b - 21 stones (quivered)
Armour
 a - a +0 robe (worn)


   Skills:
 * Level 2.6 Fighting
 - Level 2.1 Dodging
 - Level 3.2 Unarmed Combat
 - Level 2.1 Spellcasting
 - Level 2.1 Transmutations


You had 4 spell levels left.
You knew the following spells:

 Your Spells              Type           Power      Damage    Failure   Level
a - Beastly Appendage     Tmut           14%        N/A       11%         1

Your spell library contained the following spells:

 Spells                   Type           Power      Damage    Failure   Level
 Wereblood                Tmut           7%         N/A       16%         2
 Spider Form              Tmut/Pois      2%         N/A       43%         3
 Ice Form                 Ice/Tmut       4%         N/A       85%         4


Dungeon Overview and Level Annotations

Branches:
Dungeon (1/15)

Altars:


Innate Abilities, Weirdness & Mutations

You have temporarily grown beastly horns and talons.
You are amphibious.
You cover ground slowly.
You can hop short distances.
You have an extended range of vision and can be seen from far away.


Message History

Your horns disappear.
Your talons disappear.
Found a scroll labelled LULENO ASTRIUL.
You see here 2 stones.
b - 21 stones (gained 2)
Casting: Beastly Appendage (safe; 11% risk of failure)
Confirm with . or Enter, or press ? or * to list all spells.
You grow a pair of large bovine horns.
Your feet morph into talons.
The bat misses you. The jackal bites you.
You completely miss the jackal.
The jackal bites you but does no damage.
The bat hits you but does no damage. The jackal completely misses you.
You closely miss the jackal. The bat hits you. The jackal bites you.
You barely miss the jackal. Your kick misses the jackal.
The bat hits you but does no damage. The jackal bites you.
The bat hits you but does no damage.
You closely miss the jackal. The bat closely misses you.
The jackal closely misses you. The bat closely misses you.
The jackal bites you.
You closely miss the jackal. Your kick misses the jackal.
Your headbutt misses the jackal. The bat hits you but does no damage. x2
The jackal barely misses you.
You closely miss the jackal. The bat hits you but does no damage.
The bat hits you.
* * * LOW HITPOINT WARNING * * *
The jackal bites you.
* * * LOW HITPOINT WARNING * * *
You hit the jackal. You headbutt the jackal.
You kill the jackal!
The bat hits you but does no damage. The bat misses you. The bat hits you.
* * * LOW HITPOINT WARNING * * *
You see here a stone.
Your transformation is almost over.
The bat misses you. The bat hits you but does no damage.
The bat hits you but does no damage. The bat hits you but does no damage.
The dart slug launches a dart at you. The slug dart hits you.
You die...

........# .##
.......##..# #.....:....
#.##....# #.##....##
###.w......# #..........#
#.......b..# #.....††@..#
# #..........# #.
#..........# .
#.....##...# #.
#.....##...# #.###
#..........# #....
#..........###########.<.
##.................#.#...
##....###.#.###.##.#.####


You could see a dart slug and a bat.

Vanquished Creatures
  2 endoplasms (D:1)
  2 hobgoblins (D:1)
  A jackal (D:1)
  2 ball pythons (D:1)
  A frilled lizard (D:1)
8 creatures vanquished.

Notes
Turn   | Place    | Note
-------+----------+-------------------------------------------
     0 | D:1      | avis the Barachi Transmuter began the quest for the Orb.
     0 | D:1      | Reached XP level 1. HP: 15/15 MP: 3/3
   218 | D:1      | Reached XP level 2. HP: 16/23 MP: 3/5
   240 | D:1      | Killed from afar by a dart slug

Illustrated notes

Levels and vault maps discovered:
D:1:      amcnicky_arrival_double_pillar, layout_basic, minmay_misc_feat_cross,
          minmay_pentomino_u4

Skill      XL: |  1 |
---------------+----+-----
Fighting       | 2 |  2.6
Dodging        | |  2.1
Unarmed Combat | |  3.2
Spellcasting   | |  2.1
Transmutations | |  2.1

Action                   || total
-------------------------++-------
Melee: Unarmed           ||    23
       Kick              ||     4
       Headbutt          ||     3
Throw: Stone             ||     5
 Cast: Beastly Appendage ||     5
Armor: Robe              ||    12
Dodge: Dodged            ||    18
